 Dungeon Crawl Stone Soup version 0.23-a0-635-g88ca12a (webtiles) character file.

23 Leeroy the Slasher (level 3, -1/28 HPs)
             Began as a Barachi Skald on Dec 27, 2018.
             Succumbed to a scorpion's poison
             ... on level 2 of the Dungeon.
             The game lasted 00:03:24 (1591 turns).

Leeroy the Slasher (Barachi Skald)                  Turns: 1591, Time: 00:03:24

Health: -1/28      AC:  6    Str: 10 (12) XL:     3   Next: 0%
Magic:  6/6        EV: 10    Int: 11 (14) God:
Gold:   50         SH:  0    Dex: 10 (11) Spells: 5/6 levels left

rFire    . . .     SeeInvis .   a - +0 falchion
rCold    . . .     Gourm    .   (no shield)
rNeg     . . .     Faith    .   o - +0 ring mail
rPois    .         Spirit   .   k - +0 helmet
rElec    .         Reflect  .   (no cloak)
rCorr    .         Harm     .   (no gloves)
MR       .....                  (no boots)
Stlth    ..........             (no amulet)
HPRegen  0.09/turn              (no ring)
MPRegen  0.10/turn              (no ring)

@: lethally poisoned (-1 -> -20), can't hop, slow
A: +LOS, swims, slowness 1, strong legs 1
a: Hop


You were on level 2 of the Dungeon.
You were hungry.

You visited 1 branch of the dungeon, and saw 2 of its levels.

You collected 50 gold pieces.

Inventory:

Hand Weapons
 a - a +0 falchion (weapon)
 e - a +0 hand axe
 f - a +0 spear
 l - a +0 dagger
Missiles
 c - 3 stones (quivered)
 j - 17 bolts
Armour
 b - a +0 leather armour
 k - a +0 helmet (worn)
 o - a +0 ring mail (worn)
Jewellery
 i - a +3 ring of protection {unknown}
Scrolls
 g - a scroll of fear {unknown}
 h - a scroll of identify {unknown}
 m - a scroll of magic mapping {unknown}
Potions
 n - a potion of degeneration
Comestibles
 d - a ration
 p - a chunk of flesh


   Skills:
 - Level 2.4 Fighting
 * Level 4.1 Long Blades
 - Level 1.2 Armour
 - Level 2.1 Dodging
 - Level 2.1 Spellcasting
 - Level 3.2 Charms


You had 5 spell levels left.
You knew the following spells:

 Your Spells              Type           Power        Failure   Level  Hunger
a - Infusion              Chrm           #...         19%         1    ##.....

Your spell library contained the following spells:

 Spells                   Type           Power        Failure   Level  Hunger
 Song of Slaying          Chrm           #.......     28%         2    ###....
 Shroud of Golubria       Chrm/Tloc      #.........   50%         2    ###....
 Regeneration             Chrm/Necr      #.........   73%         3    ####...
 Spectral Weapon          Hex/Chrm       #.......     73%         3    ####...


Dungeon Overview and Level Annotations

Branches:
Dungeon (2/15)

Altars:


Innate Abilities, Weirdness & Mutations

Shadows flee at your approach. (+LOS)
You can swim through water.
You cover ground slowly.
You can hop short distances.


Message History

* * * LOW HITPOINT WARNING * * *
You are more poisoned.
The scorpion poisons you!
Unknown command.
Okay, then.
Okay, then.
Casting: Infusion (safe; 19% risk of failure)
Confirm with . or Enter, or press ? or * to list all spells.
Okay, then.
Okay, then.
Hop to where?
Press: ? - help, Dir - move target cursor Boing!
A bat comes into view.
* * * LOW HITPOINT WARNING * * *
You feel sick.
Unknown command.
* * * LOW HITPOINT WARNING * * *
You feel sick. The bat closely misses you.
You die...

.. # .#### #. ....#
.####..#.# ... ....
#.##..# # #@#b..#.#
#.......# ###..####.
######.........
#.....s..############
#!..................#
#...................#
#........รท..........#
#...................#


There were no monsters in sight!

Vanquished Creatures
  A worm (D:2)
  2 leopard geckos (D:1)
  A giant cockroach (D:1)
  2 goblins (D:1)
  4 hobgoblins (D:1)
  3 kobolds (D:1)
  A bat (D:1)
  A frilled lizard (D:1)
  2 rats
17 creatures vanquished.

Notes
Turn   | Place    | Note
-------+----------+-------------------------------------------
     0 | D:1      | Leeroy the Barachi Skald began the quest for the Orb.
     0 | D:1      | Reached XP level 1. HP: 17/17 MP: 3/3
   129 | D:1      | Reached skill level 3 in Long Blades
   390 | D:1      | Reached XP level 2. HP: 15/23 MP: 5/5
  1326 | D:2      | Reached skill level 4 in Long Blades
  1566 | D:2      | Reached XP level 3. HP: 27/28 MP: 6/6
  1574 | D:2      | Noticed a scorpion
  1590 | D:2      | HP: 1/28 [poisoned by a scorpion]
  1591 | D:2      | Succumbed to a scorpion's poison

Vault maps used:
D:1:      matt_arrival_refuge, serial_glass, glass_columns_a, glass_columns_c
D:2:      lemuel_crystal_altar, first_ration

Skill      XL: |  1  2 |
---------------+-------+-----
Long Blades    | 3 4 |  4.1
Fighting       | |  2.4
Armour         | |  1.2
Dodging        | |  2.1
Spellcasting   | |  2.1
Charms         | |  3.2

Action                   || total
-------------------------++-------
Melee: Falchion          ||    85
 Abil: Hop               ||     1
  Use: Potion            ||     1
  Eat: Chunk             ||     2
Armor: Leather armour    ||    22
Dodge: Dodged            ||    49
       Rpst.: Falchion   ||    11

Table legend:
 A = Non-vault XP
 B = Vault XP
 C = Vault XP percentage of total XP
 D = Non-vault monster count
 E = Vault monster count
 F = Vault count percentage of total count
                 A         B        C        D         E       F
            +---------+---------+-------+---------+---------+-------
      Total |      34 |       0 |   0.0 |      17 |       0 |   0.0
            +---------+---------+-------+---------+---------+-------
        D:1 |      28 |       0 |   0.0 |      15 |       0 |   0.0
        D:2 |       6 |       0 |   0.0 |       2 |       0 |   0.0
            +---------+---------+-------+---------+---------+-------
